Map: Ley Lines

Players

Lambo - Winner!

  • Race: Zerg Zerg
  • League: Grandmaster
  • Spawn Location: 1:00

A.I. 1 (Very Easy)

  • Race: Zerg Zerg
  • Spawn Location: 7:00

VOD

Have the link to the VOD?

Description

Time

  • Played on: March 16, 2025, 6:01 a.m.
  • Length: 6:21
Show
View Real Time Build Order
Export as new Build Order

Lambo Zerg - Winner!

Build Orders: Hatch First 

Get SALT Encoding   

  12  0:00  Drone  
  13  0:07  Drone  
  14  0:15  Extractor, Drone  
  15  0:34  Hatchery  
  14  0:39  Extractor  
  14  0:40  Drone  
  15  0:45  Overlord  
  15  1:00  Spawning Pool  
  14  1:04  Drone  
  14  1:07  Drone  
  16  1:12  Drone  
  16  1:16  Drone  
  18  1:22  Extractor  
  17  1:26  Drone  
  18  1:37  Drone  
  19  1:47  Drone x2, Queen  
  19  1:51  Queen  
  25  1:58  Drone  
  25  2:00  Overlord  
  26  2:07  Drone  
  27  2:09  Drone  
  28  2:18  Drone  
  28  2:19  Drone  
  30  2:22  Queen  
  30  2:29  Drone  
  33  2:31  Overlord  
  33  2:40  Drone  
  33  2:41  Drone  
  33  2:42  Lair  
  33  2:43  Evolution Chamber  
  34  2:51  Drone  
  35  2:52  Drone  
  35  2:56  Drone x3  
  39  3:00  Drone  
  39  3:04  Roach Warren  
  39  3:07  Drone  
  39  3:10  Extractor  
  39  3:11  Extractor  
  39  3:12  Drone x2  
  40  3:16  Zerg Missile Weapons Level 1  
  40  3:18  Drone  
  41  3:23  Overlord  
  41  3:25  Overlord  
  41  3:30  Overlord  
  41  3:38  Overlord x2  
  41  3:43  Glial Reconstitution  
  41  3:45  Roach  
  41  3:48  Roach  
  45  3:51  Roach  
  45  3:54  Roach  
  49  3:58  Roach  
  49  4:01  Roach  
  53  4:02  Overlord  
  53  4:05  Roach  
  53  4:08  Roach  
  57  4:11  Roach  
  57  4:13  Roach  
  63  4:17  Roach  
  63  4:20  Roach  
  65  4:27  Roach x2  
  65  4:30  Roach  
  71  4:34  Roach  
  71  4:36  Roach  
  75  4:39  Roach  
  75  4:40  Roach  
  75  4:44  Roach  
  81  4:47  Roach  
  81  4:50  Roach  
  85  4:53  Roach  
  85  4:56  Overlord  
  87  5:01  Roach  
  87  5:04  Overlord  
  87  5:07  Roach  
  91  5:15  Roach x2  
  91  5:17  Roach  
  97  5:22  Roach  
  97  5:25  Roach x2  
  97  5:28  Roach  
  105  5:31  Overlord  
  105  5:34  Ravager  
  106  5:36  Roach  
  108  5:44  Overlord  
  112  5:50  Roach x3  
  112  5:54  Roach  
Show
View Real Time Build Order
Export as new Build Order

A.I. 1 (Very Easy) Zerg 

Build Orders: Hatch First 

Get SALT Encoding   

  12  0:01  Drone  
  13  0:12  Overlord  
  13  0:17  Drone  
  14  0:42  Hatchery  
  13  0:44  Drone  
  14  1:01  Spawning Pool  
  14  1:03  Drone  
  14  1:09  Extractor  
  14  1:10  Drone  
  14  1:19  Overlord  
  14  1:47  Queen  
  14  1:48  Zergling x2  
  14  1:51  Zergling x2  
  18  1:57  Roach Warren  
  17  2:05  Drone  
  17  2:08  Extractor  
  17  2:13  Drone  
  18  2:17  Zergling x2  
  19  2:23  Drone  
  20  2:30  Drone  
  21  2:37  Drone  
  22  2:44  Drone  
  23  2:52  Drone  
  23  2:57  Lair  
  24  3:25  Drone  
  25  3:32  Drone  
  26  3:39  Drone  
  27  3:45  Overlord  
  27  3:46  Drone  
  28  3:53  Drone  
  29  3:57  Spire  
  29  4:00  Drone  
  29  4:07  Drone  
  29  4:08  Overseer  
  30  4:13  Overseer  
  30  4:15  Drone  
  31  4:22  Drone  
  32  4:29  Drone  
  32  4:31  Overlord  
  33  4:36  Drone  
  34  4:43  Drone  
  35  4:51  Drone  
  36  4:56  Extractor  
  36  4:58  Drone  
  36  4:59  Zergling x2  
  36  5:05  Drone  
  37  5:10  Extractor  
  37  5:12  Drone  
  37  5:13  Queen  
  37  5:18  Overlord  
  37  5:20  Drone  
  31  5:27  Drone  
  31  5:28  Zergling x2  
  27  5:34  Drone, Overseer  
  28  5:47  Overlord  
  28  5:49  Drone  
  27  5:56  Roach, Drone  
  5  6:10  Hatchery  
Tags
 
Matchup
ZvZ
Player
Lambo
Race
Zerg
Spawn Locations
Cross Positions
Add a new tag
Caveats
  • Supply blocks, unpowered buildings, or Contaminate may cause inaccurate times.
  • Supply counts are checked every 10 seconds.